 Dungeon Sprint DCSS version 0.17-a0-1504-gb7d9117 (webtiles) character file.

376 nuthulu the Fighter (level 6, -2/48 HPs)
             Began as a Gargoyle Fighter on July 8, 2015.
             Was an Initiate of Okawaru.
             Slain by a red ugly thing (23 damage)
             ... in the Dungeon (Sprint IX: "|||||||||||||||||||||||||||||").
             The game lasted 00:01:07 (397 turns).

nuthulu the Fighter (Gargoyle Fighter)               Turns: 397, Time: 00:01:07

Health: -2/48      AC: 22    Str: 21    XL:     6   Next: 73%
Magic:  6/6        EV:  9    Int:  9    God:    Okawaru [......]
Gold:   0          SH: 10    Dex: 12    Spells: 0 memorised, 5 levels left

rFire  . . .     SeeInvis .     o - +2 morningstar (protect)
rCold  . . .     Clarity  .     q - +1 chain mail
rNeg   + . .     SustAt   .     c - +0 shield
rPois  ∞         Gourm    .     (no helmet)
rElec  +         Spirit   .     p - +0 cloak
rCorr  .         Warding  .     (no gloves)
rMut   .         NoTele   +     (no boots)
MR     .....                    (no amulet)
Stlth  ..........               s - +2 ring of evasion
                                r - +3 ring of dexterity

@: not resistant to hostile enchantments, extremely unstealthy
A: negative energy resistance 1, electricity resistance, unbreathing,
petrification resistance, rot immunity, AC +4
a: Renounce Religion


You were in the Dungeon.
You worshipped Okawaru.
Okawaru was noncommittal.
You were not hungry.

You visited 1 branch

Inventory:

Hand weapons
 a - a +0 flail
 o - a +2 morningstar of protection (weapon)
Armour
 b - a +0 scale mail
 c - a +0 shield (worn)
 p - a +0 cloak (worn)
 q - a +1 chain mail (worn)
Jewellery
 r - a +3 ring of dexterity (left hand)
 s - a +2 ring of evasion (right hand)
Magical devices
 n - a wand of draining (7)
Scrolls
 k - 2 scrolls of blinking
 l - 3 scrolls of remove curse
 m - 2 scrolls of amnesia
Potions
 d - a potion of might
 f - 5 potions of curing
 g - 3 potions of heal wounds
 h - a potion of haste
 i - 4 potions of magic
 j - a potion of invisibility
Comestibles
 e - a bread ration


   Skills:
 + Level 9.8 Fighting
 + Level 7.7 Maces & Flails
 - Level 6.7 Armour
 - Level 2.0 Dodging
 - Level 6.9 Shields


You had 5 spell levels left.
You didn't know any spells.

Dungeon Overview and Level Annotations

Branches:
Dungeon (1/1)

Altars:
Cheibriados
Dithmenos
Elyvilon
Fedhas
Gozag
Kikubaaqudgha
Makhleb
Nemelex Xobeh
Okawaru
Qazlal
Ru
Sif Muna
Trog
Vehumet
Xom
Yredelemnul
Zin
The Shining One
Beogh
Jiyva
Lugonu


Innate Abilities, Weirdness & Mutations

You are resistant to torment.
Your stone body is resilient (AC +4).
You are immune to poison.
You resist negative energy.
You are resistant to electric shocks.
You can survive without breathing.
You are immune to petrification.
You are immune to rotting.


Message History

The giant frog barely misses you. The giant frog closely misses you.
You sock the giant frog!
The giant frog is severely wounded.
You block the giant frog's attack.
You impale the giant frog!!
You kill the giant frog!
Okawaru accepts your kill.
Your Maces & Flails skill increases to level 7!
You closely miss the worker ant.
The worker ant bites you but does no damage.
You puncture the red ugly thing!
The red ugly thing is lightly wounded.
The red ugly thing trunk-slaps you.
You are engulfed in flames!!
You hit the red ugly thing.
The red ugly thing is lightly wounded.
You block the red ugly thing's attack.
You barely miss the red ugly thing.
The red ugly thing is lightly wounded.
The red ugly thing trunk-slaps you.
You are engulfed in flames!!
You die...

▓.▓
▓.▓
▓.▓
▓o▓
▓W▓
▓a▓
▓u▓
▓@▓
▓.▓
▓.▓
▓.▓
▓)▓
▓.▓
▓(▓
▓.▓
▓.▓


You could see a red ugly thing, a wraith, a worker ant and an orc.

Vanquished Creatures
  A centaur (D)
  An ogre (D)
  A giant frog (D)
  A scorpion (D)
  A killer bee (D)
  A crimson imp (D)
  An adder (D)
  An adder skeleton (D)
  A goblin (D)
  6 bats (D)
  A giant gecko zombie (D)
  2 rats (D)
18 creatures vanquished.

Notes
Turn   | Place    | Note
--------------------------------------------------------------
     0 | D        | nuthulu the Gargoyle Fighter began the quest for the Orb.
     0 | D        | Reached XP level 1. HP: 14/14 MP: 1/1
    16 | D        | Reached skill level 4 in Armour
    34 | D        | Noticed a crimson imp
    34 | D        | Noticed a scorpion
    34 | D        | Noticed an ogre
    39 | D        | Reached XP level 2. HP: 18/20 MP: 2/2
    43 | D        | Killed an ogre
    43 | D        | Reached skill level 5 in Fighting
    43 | D        | Reached skill level 5 in Armour
    43 | D        | Reached skill level 1 in Dodging
    43 | D        | Reached skill level 5 in Shields
    43 | D        | Reached XP level 3. HP: 12/27 MP: 3/3
    43 | D        | Reached XP level 4. HP: 14/32 MP: 4/4
    51 | D        | Killed a scorpion
    51 | D        | Reached skill level 6 in Fighting
    51 | D        | Reached XP level 5. HP: 14/37 MP: 5/5
    54 | D        | Killed a crimson imp
    54 | D        | Reached skill level 7 in Fighting
   222 | D        | Found a glowing silver altar of Zin.
   222 | D        | Found a glowing golden altar of the Shining One.
   222 | D        | Found an ancient bone altar of Kikubaaqudgha.
   222 | D        | Found a basalt altar of Yredelemnul.
   222 | D        | Found a shimmering altar of Xom.
   222 | D        | Found a radiant altar of Vehumet.
   265 | D        | Found an iron altar of Okawaru.
   266 | D        | Found a burning altar of Makhleb.
   267 | D        | Found a deep blue altar of Sif Muna.
   268 | D        | Found a bloodstained altar of Trog.
   269 | D        | Found a sparkling altar of Nemelex Xobeh.
   270 | D        | Found a white marble altar of Elyvilon.
   271 | D        | Found a roughly hewn altar of Beogh.
   272 | D        | Found a viscous altar of Jiyva.
   273 | D        | Became a worshipper of Warmaster Okawaru
   274 | D        | Found a corrupted altar of Lugonu.
   275 | D        | Found a blossoming altar of Fedhas.
   276 | D        | Found a snail-covered altar of Cheibriados.
   277 | D        | Found a shadowy altar of Dithmenos.
   278 | D        | Found a stormy altar of Qazlal.
   279 | D        | Found an opulent altar of Gozag.
   295 | D        | Found a sacrificial altar of Ru.
   342 | D        | Noticed a centaur
   342 | D        | Noticed a killer bee
   355 | D        | Killed a killer bee
   355 | D        | Reached skill level 5 in Maces & Flails
   362 | D        | Killed a centaur
   362 | D        | Reached skill level 9 in Fighting
   362 | D        | Reached XP level 6. HP: 42/46 MP: 6/6
   387 | D        | Noticed a red ugly thing
   387 | D        | Noticed a wraith
   387 | D        | Noticed a worker ant
   387 | D        | Noticed a giant frog
   393 | D        | Killed a giant frog
   397 | D        | Slain by a red ugly thing

Vault maps used:
D:        linesprint

Action                   |  1- 3 |  4- 6 || total
-------------------------+-------+-------++-------
Melee: Flail             |    23 |    10 ||    33
       Morningstar       |       |    29 ||    29
  Use: Potion            |     1 |       ||     1
